 Dungeon Crawl Stone Soup version 0.19-a0-1568-gdd01aac (webtiles) character file.

189 flowsnake the Slasher (level 5, 0/41 HPs)
             Began as a Draconian Gladiator on Sept 15, 2016.
             Succumbed to an adder's poison
             ... on level 2 of the Dungeon.
             The game lasted 00:07:59 (2401 turns).

flowsnake the Slasher (Draconian Gladiator)         Turns: 2401, Time: 00:08:01

Health: 0/41       AC:  5    Str: 15 (17) XL:     5   Next: 40%
Magic:  5/5        EV: 12    Int:  6 (9)  God:
Gold:   128        SH:  0    Dex: 11 (12) Spells: 0 memorised, 4 levels left

rFire  . . .     SeeInvis .     a - +0 long sword
rCold  + . .     Gourm    .     (armour unavailable)
rNeg   . . .     Faith    .     (no shield)
rPois  .         Spirit   .     b - +0 hat
rElec  .         Dismiss  .     (no cloak)
rCorr  .         Reflect  .     (no gloves)
MR     +....     Harm     .     (no boots)
Stlth  +.........               (no amulet)
                                (no ring)
                                (no ring)

@: lethally poisoned (0 -> -9), flying, very slightly contaminated, hasted, very
quick
A: unfitting armour, horns 1, cold resistance 1, magic resistance 1,
cold-blooded, AC +5
a: no special abilities


You were on level 2 of the Dungeon.
You were not hungry.

You visited 1 branch of the dungeon, and saw 2 of its levels.

You collected 128 gold pieces.

Inventory:

Hand Weapons
 a - a +0 long sword (weapon)
Missiles
 c - 3 throwing nets (quivered)
 f - 6 tomahawks
Armour
 b - a +0 hat (worn)
Scrolls
 e - a scroll of remove curse {unknown}
 h - a scroll of fog {unknown}
 i - a scroll of amnesia {unknown}
 m - a scroll of enchant weapon {unknown}
 n - a scroll of teleportation {unknown}
 o - a scroll of enchant armour {unknown}
Comestibles
 d - 4 bread rations
 j - 4 chunks of flesh


   Skills:
 - Level 2.1 Fighting
 + Level 6.2 Long Blades
 - Level 1.7 Throwing
 - Level 2.6 Dodging


You had 4 spell levels left.
You didn't know any spells.

Dungeon Overview and Level Annotations

Branches:
Dungeon (2/15)

Altars:


Innate Abilities, Weirdness & Mutations

Your plain brown scales are hard. (AC +5)
Your body does not fit into most forms of armour.
You are cold-blooded and may be slowed by cold attacks.
You have a pair of small horns on your head.
Your flesh is cold resistant. (rC+)
You are resistant to hostile enchantments. (MR+)


Message History

You feel sick. The adder bites you.
* * * LOW HITPOINT WARNING * * *
You are very lightly contaminated with residual magic.
You completely miss the adder.
The adder is severely wounded.
* * * LOW HITPOINT WARNING * * *
You feel sick. The adder closely misses you.
You riposte.
You closely miss the adder.
The adder is severely wounded.
You barely miss the adder. You tail-slap the adder.
You kill the adder!
* * * LOW HITPOINT WARNING * * *
You feel sick.
* * * LOW HITPOINT WARNING * * *
You feel sick.
* * * LOW HITPOINT WARNING * * *
You feel sick.
There is a lethal amount of poison in your body!
There is a lethal amount of poison in your body!
You die...

███··········█ ██··██········(
█···██·····█·█ █··█···········
█·████····██·█
████·············· ··█ ██·████
·█ █······██········· ·██ █··█
·█ ██······███████████ ·█ ██·██
█···█████ ·███··█ ███···████
·██··█████ ██···█·█··██
·········█ █··█d█·····█
███·████···█·█····█··██·█ █···█
█···········██·██
···█████████·█··█········██████
·█·······█ █···██··████········
·████·██████·······█ █········
··███······█····█·██ █········
█············████·█ █········
·······████·······█ █·····(··


There were no monsters in sight!

Vanquished Creatures
  Natasha (thrice) (D:2)
  7 adders (D:2)
  An ooze (D:2)
  A worm (D:2)
  A dart slug (D:1)
  2 leopard geckos (D:1)
  5 bats
  3 giant cockroaches
  A hobgoblin (D:1)
  3 frilled lizards (D:2)
  6 goblins
  8 kobolds
  7 rats
48 creatures vanquished.

Notes
Turn   | Place    | Note
-------+----------+-------------------------------------------
     0 | D:1      | flowsnake the Draconian Gladiator began the quest for the Orb.
     0 | D:1      | Reached XP level 1. HP: 17/17 MP: 1/1
   276 | D:1      | Reached XP level 2. HP: 11/24 MP: 2/2
  1063 | D:1      | Reached skill level 4 in Long Blades
  1452 | D:2      | Reached XP level 3. HP: 29/29 MP: 3/3
  1750 | D:2      | Reached skill level 5 in Long Blades
  1750 | D:2      | Reached XP level 4. HP: 26/36 MP: 4/4
  1961 | D:2      | Noticed Natasha
  1969 | D:2      | Killed Natasha
  1974 | D:2      | Noticed Natasha
  1982 | D:2      | Killed Natasha
  2237 | D:2      | Reached XP level 5. HP: 39/41 MP: 5/5
  2324 | D:2      | Noticed Natasha
  2335 | D:2      | Killed Natasha
  2335 | D:2      | Reached skill level 6 in Long Blades
  2394 | D:2      | Gained mutation: You have a pair of small horns on your head. [potion of mutation]
  2394 | D:2      | Gained mutation: Your flesh is cold resistant. (rC+) [potion of mutation]
  2394 | D:2      | Gained mutation: You are resistant to hostile enchantments. (MR+) [potion of mutation]
  2398 | D:2      | HP: 2/41 [poisoned by an adder]
  2401 | D:2      | Succumbed to an adder's poison

Vault maps used:
D:1:      minmay_arrival_hallway, minivault_19, grunt_decor_mini_mirrors
D:2:      uniq_natasha

Skill      XL: |  1  2  3  4  5 |
---------------+----------------+-----
Long Blades    | 4 5 6 |  6.2
Fighting       | |  2.1
Throwing       | |  1.7
Dodging        | |  2.6

Action                   |  1- 3 |  4- 6 || total
-------------------------+-------+-------++-------
Melee: Long sword        |   117 |    79 ||   196
       Tailslap          |     9 |     8 ||    17
       Headbutt          |       |     1 ||     1
  Use: Potion            |       |     4 ||     4
 Stab: Sleeping          |     1 |       ||     1
  Eat: Chunk             |     3 |     2 ||     5
Armor: Skin              |    30 |    18 ||    48
Dodge: Dodged            |    69 |    51 ||   120
